EL
TENNESSEE SMOKIES @ SAN JOSE GIANTS
05/15/2048
 
TOP OF THE 1ST
Tennessee Smokies batting - Pitching for San Jose Giants : RHP Brian Whitley
Pitching: RHP Brian Whitley
Batting: RHB Eric Wiss 0-0: Called Strike
0-1: Ball
1-1: Foul Ball, location: 2F
1-2: DOUBLE (Flyball, 89D, EV 105.6 MPH)
Batting: RHB Khalil Stephens 0-0: Called Strike
0-1: Ball
1-1: Ball
2-1: Ball
3-1: Foul Ball, location: 2F
3-2: Strikes out looking
Batting: RHB Brad Santanello 0-0: Ball
1-0: Ball
2-0: Ball
3-0: Called Strike
3-1: Ground out 5-3 (Groundball, 56, EV 80.6 MPH)
Batting: LHB Angel Oropeza 0-0: Ball
1-0: Ball
2-0: Ground out U3 (Groundball, 3L, EV 85.6 MPH)
Top of the 1st over - 0 runs, 1 hit, 0 errors, 1 left on base; Tennessee 0 - San Jose 0
BOTTOM OF THE 1ST
San Jose Giants batting - Pitching for Tennessee Smokies : RHP Jake Newman
Pitching: RHP Jake Newman
Batting: RHB Edwin Verdugo 0-0: Ball
1-0: Called Strike
1-1: Ball
2-1: Ball
3-1: Reached on error, E5 (Groundball, 56, EV 81.2 MPH)
Batting: LHB Steve Nevis 0-0: Ball
Edwin Verdugo steals 2nd base
1-0: Ball
2-0: Foul Ball, location: 2F
2-1: Called Strike
2-2: Fly out, F7 (Flyball, 7D, EV 85.6 MPH)
Runner from 2nd tags up, SAFE at 3rd, no throw by LF
Batting: RHB Frank Pena 0-0: Ball
1-0: Swinging Strike
1-1: Swinging Strike
1-2: Foul Ball, location: 2F
1-2: Hit by Pitch
Batting: RHB Tony Harper 0-0: Called Strike
0-1: Foul Ball, location: 2F
0-2: Foul Ball, location: 2F
0-2: Foul Ball, location: 2F
0-2: Strikes out looking
Batting: LHB Gil Caraveo 0-0: Foul Ball, location: 2F
0-1: Swinging Strike
0-2: Ball
1-2: Ball
2-2: Ball
3-2: Ground out 4-3 (Groundball, 4, EV 75.0 MPH)
Bottom of the 1st over - 0 runs, 0 hits, 1 error, 2 left on base; Tennessee 0 - San Jose 0
TOP OF THE 2ND
Tennessee Smokies batting - Pitching for San Jose Giants : RHP Brian Whitley
Batting: RHB Ryan Walker 0-0: Called Strike
0-1: Foul Ball, location: 2F
0-2: Ball
1-2: Ball
2-2: Foul Ball, location: 2F
2-2: Ball
3-2: Fly out, F8 (Flyball, 78M, EV 95.6 MPH)
Batting: RHB Armando Vilano 0-0: Ball
1-0: Fly out, F7 (Flyball, 7D, EV 96.2 MPH)
Batting: RHB Tim Long 0-0: Ball
1-0: SINGLE (Groundball, 4MD, EV 101.9 MPH)
Batting: RHB Sung-hwan Jung 0-0: Called Strike
0-1: Fly out, F8 (Flyball, 8LD, EV 100.0 MPH)
Top of the 2nd over - 0 runs, 1 hit, 0 errors, 1 left on base; Tennessee 0 - San Jose 0
BOTTOM OF THE 2ND
San Jose Giants batting - Pitching for Tennessee Smokies : RHP Jake Newman
Batting: RHB Zach Maguire 0-0: Called Strike
0-1: Foul Ball, location: 2F
0-2: Ball
1-2: Foul Ball, location: 2F
1-2: Foul Ball, location: 2F
1-2: DOUBLE (Groundball, 5L, EV 106.9 MPH)
Batting: LHB Chris West 0-0: Foul Ball, location: 2F
0-1: SINGLE (Groundball, 6MD, EV 98.8 MPH)
Zach Maguire to third
Batting: RHB Bob Schweiger 0-0: Called Strike
0-1: SINGLE (Groundball, 6MD, EV 108.1 MPH)
Zach Maguire scores
Chris West to second
Runner from 2nd tries for 3rd, SAFE, throw by CF made to third
Batting: RHB Jaime Rios 0-0: Foul Ball, location: 2F
0-1: Foul Ball, location: 2F
0-2: Ball
1-2: Foul Ball, location: 2F
1-2: Grounds into double play, 6-4-3 (Groundball, 6, EV 81.2 MPH)
Chris West scores
Batting: RHB Edwin Verdugo 0-0: Ball
1-0: Ball
2-0: Called Strike
2-1: Swinging Strike
2-2: Ball
3-2: Fly out, F8 (Flyball, 8LD, EV 83.8 MPH)
Bottom of the 2nd over - 2 runs, 3 hits, 0 errors, 0 left on base; Tennessee 0 - San Jose 2
TOP OF THE 3RD
Tennessee Smokies batting - Pitching for San Jose Giants : RHP Brian Whitley
Batting: RHB Alvaro Romero 0-0: Swinging Strike
0-1: Called Strike
0-2: Ball
1-2: Strikes out looking
Batting: RHB Eric Wiss 0-0: Ball
1-0: Called Strike
1-1: Ball
2-1: Ball
3-1: Foul Ball, location: 2F
3-2: Fly out, F7 (Flyball, 7, EV 92.5 MPH)
Batting: RHB Khalil Stephens 0-0: Foul Ball, location: 2F
0-1: Called Strike
0-2: Ground out 1-3 (Groundball, 15S, EV 72.5 MPH)
Top of the 3rd over - 0 runs, 0 hits, 0 errors, 0 left on base; Tennessee 0 - San Jose 2
BOTTOM OF THE 3RD
San Jose Giants batting - Pitching for Tennessee Smokies : RHP Jake Newman
Batting: LHB Steve Nevis 0-0: Foul Ball, location: 2F
0-1: Foul Ball, location: 2F
0-2: Ball
1-2: Fly out, F7 (Line Drive, 7S, EV 94.4 MPH)
Batting: RHB Frank Pena 0-0: Ball
1-0: Called Strike
1-1: Ball
2-1: Ground out 5-3 (Groundball, 56S, EV 87.5 MPH)
Batting: RHB Tony Harper 0-0: Called Strike
0-1: Ball
1-1: Foul Ball, location: 2F
1-2: Strikes out swinging
Bottom of the 3rd over - 0 runs, 0 hits, 0 errors, 0 left on base; Tennessee 0 - San Jose 2
TOP OF THE 4TH
Tennessee Smokies batting - Pitching for San Jose Giants : RHP Brian Whitley
Batting: RHB Brad Santanello 0-0: Called Strike
0-1: Ball
1-1: Ball
2-1: Ball
3-1: SINGLE (Groundball, 6MD, EV 100.6 MPH)
Batting: LHB Angel Oropeza 0-0: SINGLE (Groundball, 4D, EV 104.4 MPH)
Brad Santanello to second
Batting: RHB Ryan Walker 0-0: Ball
1-0: Fly out, F9 (Flyball, 89D, EV 91.2 MPH)
Batting: RHB Armando Vilano 0-0: Called Strike
0-1: Swinging Strike
0-2: Strikes out swinging
Batting: RHB Tim Long 0-0: Ground out 1-3 (Groundball, 15, EV 68.1 MPH)
Top of the 4th over - 0 runs, 2 hits, 0 errors, 2 left on base; Tennessee 0 - San Jose 2
BOTTOM OF THE 4TH
San Jose Giants batting - Pitching for Tennessee Smokies : RHP Jake Newman
Batting: LHB Gil Caraveo 0-0: Ball
1-0: Called Strike
1-1: Ground out 5-3 (Groundball, 56S, EV 66.9 MPH)
Batting: RHB Zach Maguire 0-0: Ball
1-0: Ball
2-0: Ball
3-0: Called Strike
3-1: SINGLE (Groundball, 4D, EV 98.1 MPH)
Batting: LHB Chris West 0-0: Called Strike
0-1: Swinging Strike
0-2: Ball
Wild Pitch!
Zach Maguire to second
1-2: Strikes out swinging
Batting: RHB Bob Schweiger 0-0: Called Strike
0-1: Ball
1-1: Foul Ball, location: 2F
1-2: Ball
2-2: Ball
3-2: Strikes out swinging
Bottom of the 4th over - 0 runs, 1 hit, 0 errors, 1 left on base; Tennessee 0 - San Jose 2
TOP OF THE 5TH
Tennessee Smokies batting - Pitching for San Jose Giants : RHP Brian Whitley
Batting: RHB Sung-hwan Jung 0-0: Called Strike
0-1: Swinging Strike
0-2: Ball
1-2: Fly out, F3 (Line Drive, 3L, EV 63.8 MPH)
Batting: RHB Alvaro Romero 0-0: Called Strike
0-1: Ground out 6-3 (Groundball, 6M, EV 103.1 MPH)
Batting: RHB Eric Wiss 0-0: Ball
1-0: Ball
2-0: Called Strike
2-1: Ball
3-1: Base on Balls
Batting: RHB Khalil Stephens 0-0: Called Strike
Eric Wiss steals 2nd base
0-1: Ball
1-1: Called Strike
1-2: Fly out, F6 (Popup, 6, EV 66.9 MPH)
Top of the 5th over - 0 runs, 0 hits, 0 errors, 1 left on base; Tennessee 0 - San Jose 2
BOTTOM OF THE 5TH
San Jose Giants batting - Pitching for Tennessee Smokies : RHP Jake Newman
Batting: RHB Jaime Rios 0-0: Ball
1-0: Called Strike
1-1: Ball
2-1: Foul Ball, location: 2F
2-2: DOUBLE (Line Drive, 5D, EV 97.5 MPH)
Batting: RHB Edwin Verdugo 0-0: Fly out, F7 (Flyball, 7D, EV 81.2 MPH)
Runner from 2nd tags up, SAFE at 3rd, no throw by LF
Batting: LHB Steve Nevis 0-0: SINGLE (Groundball, 34, EV 103.1 MPH)
Jaime Rios scores
Batting: RHB Frank Pena 0-0: Called Strike
Steve Nevis is caught stealing 2nd base 2-4
0-1: Foul Ball, location: 2F
0-2: Ball
1-2: Ball
2-2: Ground out 5-3 (Groundball, 56, EV 82.5 MPH)
Bottom of the 5th over - 1 run, 2 hits, 0 errors, 0 left on base; Tennessee 0 - San Jose 3
TOP OF THE 6TH
Tennessee Smokies batting - Pitching for San Jose Giants : RHP Brian Whitley
Batting: RHB Brad Santanello 0-0: SINGLE (Groundball, 6MD, EV 98.8 MPH)
Batting: LHB Angel Oropeza 0-0: Ball
1-0: Called Strike
1-1: Ball
2-1: Ball
3-1: Base on Balls
Brad Santanello to second
Pitching: RHP Nick McDade
Batting: RHB Ryan Walker 0-0: Ball
1-0: Ball
2-0: Ball
3-0: Called Strike
3-1: Foul Ball, location: 2F
3-2: Strikes out swinging
Batting: RHB Armando Vilano 0-0: Ball
1-0: Ball
2-0: Swinging Strike
2-1: Foul Ball, location: 2F
2-2: Ball
3-2: Base on Balls
Brad Santanello to third
Angel Oropeza to second
Batting: RHB Tim Long 0-0: Called Strike
0-1: Foul Ball, location: 2F
0-2: SINGLE (Line Drive, 78M, EV 107.5 MPH)
Brad Santanello scores
Angel Oropeza to third
Armando Vilano to second
Batting: RHB Sung-hwan Jung 0-0: Called Strike
0-1: Foul Ball, location: 2F
0-2: Ball
1-2: Ball
2-2: Grounds into fielders choice 6-2 (Groundball, 6, EV 90.6 MPH)
Armando Vilano to third
Tim Long to second
Pitching: LHP Christian Rogers
Batting: RHB Alvaro Romero 0-0: Foul Ball, location: 2F
0-1: Ball
1-1: Foul Ball, location: 2F
1-2: Ball
2-2: SINGLE (Line Drive, 4MD, EV 95.0 MPH)
Armando Vilano scores
Tim Long to third
Sung-hwan Jung to second
Batting: RHB Eric Wiss 0-0: Called Strike
0-1: Ball
1-1: Ball
2-1: Ball
3-1: Foul Ball, location: 2F
3-2: GRAND SLAM HOME RUN (Flyball, 7D, EV 96.2 MPH), Distance : 375 ft
Batting: RHB Khalil Stephens 0-0: Called Strike
0-1: Foul Ball, location: 2F
0-2: Ball
1-2: Fly out, F8 (Flyball, 8RXD, EV 103.1 MPH)
Top of the 6th over - 6 runs, 4 hits, 0 errors, 0 left on base; Tennessee 6 - San Jose 3
BOTTOM OF THE 6TH
San Jose Giants batting - Pitching for Tennessee Smokies : RHP Jake Newman
Batting: RHB Tony Harper 0-0: Called Strike
0-1: Ball
1-1: Called Strike
1-2: Ball
2-2: Ground out 5-3 (Groundball, 56D, EV 95.0 MPH)
Batting: LHB Gil Caraveo 0-0: Ball
1-0: Ball
2-0: Ball
3-0: Foul Ball, location: 2F
3-1: Base on Balls
Pitching: LHP Nate George
Batting: RHB Zach Maguire 0-0: DOUBLE (Line Drive, 9LS, EV 107.5 MPH)
Gil Caraveo to third
Runner from 3rd tries for Home, SAFE, throw by RF to home
Batting: LHB Chris West 0-0: Called Strike
0-1: Fly out, F7 (Flyball, 7LM, EV 83.1 MPH)
Batting: RHB Bob Schweiger 0-0: DOUBLE (Flyball, 89D, EV 98.8 MPH)
Zach Maguire scores
Batting: RHB Jaime Rios 0-0: Ball
1-0: Ball
2-0: Ground out 6-3 (Groundball, 6, EV 103.8 MPH)
Bottom of the 6th over - 2 runs, 2 hits, 0 errors, 1 left on base; Tennessee 6 - San Jose 5
TOP OF THE 7TH
Tennessee Smokies batting - Pitching for San Jose Giants : LHP Christian Rogers
Pitching: RHP Kyle Rindels
Batting: RHB Brad Santanello 0-0: Called Strike
0-1: Ground out 5-3 (Groundball, 56, EV 107.5 MPH)
Pitching: RHP Peter Ellis
Batting: LHB Angel Oropeza 0-0: Ball
1-0: Ball
2-0: Ball
3-0: Base on Balls
Batting: RHB Ryan Walker 0-0: Called Strike
0-1: Ball
1-1: Called Strike
1-2: Ball
2-2: Ball
3-2: Base on Balls
Angel Oropeza to second
Batting: RHB Armando Vilano 0-0: Swinging Strike
0-1: Fly out, F8 (Flyball, 8RXD, EV 86.2 MPH)
Runner from 2nd tags up, SAFE at 3rd, no throw by CF
Batting: RHB Tim Long 0-0: Ball
1-0: Called Strike
1-1: Ball
2-1: Fly out, F7 (Flyball, 78M, EV 89.4 MPH)
Top of the 7th over - 0 runs, 0 hits, 0 errors, 2 left on base; Tennessee 6 - San Jose 5
BOTTOM OF THE 7TH
San Jose Giants batting - Pitching for Tennessee Smokies : LHP Nate George
Batting: RHB Edwin Verdugo 0-0: Ball
1-0: Fly out, F9 (Flyball, 9, EV 75.6 MPH)
Batting: LHB Steve Nevis 0-0: Fly out, F8 (Flyball, 8LM, EV 85.0 MPH)
Batting: RHB Frank Pena 0-0: Called Strike
0-1: Ball
1-1: TRIPLE (Flyball, 8LXD, EV 89.4 MPH)
Batting: RHB Tony Harper 0-0: Ball
1-0: SINGLE (Line Drive, 89S, EV 99.4 MPH)
Frank Pena scores
Batting: LHB Gil Caraveo 0-0: Ball
1-0: Called Strike
1-1: Ball
2-1: Ball
3-1: DOUBLE (Groundball, 3L, EV 97.5 MPH)
Tony Harper to third
Runner from 3rd tries for Home, SAFE, no throw by RF
Pitching: RHP Carlos Dominguez
Batting: RHB Zach Maguire 0-0: Ball
1-0: Foul Ball, location: 2F
1-1: Ball
2-1: Foul Ball, location: 2F
2-2: Ball
3-2: Foul Ball, location: 2F
3-2: Ground out U3 (Groundball, 34S, EV 90.6 MPH)
Bottom of the 7th over - 2 runs, 3 hits, 0 errors, 1 left on base; Tennessee 6 - San Jose 7
TOP OF THE 8TH
Tennessee Smokies batting - Pitching for San Jose Giants : RHP Peter Ellis
Pitching: RHP Jay Kouns
Batting: RHB Sung-hwan Jung 0-0: Ground out 6-3 (Groundball, 6, EV 84.4 MPH)
Pinch Hitting: RHB David Barnard 0-0: Called Strike
0-1: Ball
1-1: Ball
2-1: Ball
3-1: Base on Balls
Batting: RHB Eric Wiss 0-0: Swinging Strike
0-1: Fielders Choice at 2nd, 4-6 (Groundball, 4, EV 105.0 MPH)
Batting: RHB Khalil Stephens 0-0: SINGLE (Groundball, 6MD, EV 104.4 MPH)
Eric Wiss to second
Runner from 2nd tries for 3rd, SAFE, throw by CF made to third
Batting: RHB Brad Santanello 0-0: Ball
1-0: Ball
2-0: Ball
3-0: Called Strike
3-1: Foul Ball, location: 2F
3-2: Strikes out swinging
Top of the 8th over - 0 runs, 1 hit, 0 errors, 2 left on base; Tennessee 6 - San Jose 7
BOTTOM OF THE 8TH
San Jose Giants batting - Pitching for Tennessee Smokies : RHP Carlos Dominguez
Now at 2B: Eric Wiss
Now at SS: Khalil Stephens
Now in CF: David Barnard
Batting: LHB Chris West 0-0: Swinging Strike
0-1: Called Strike
0-2: Ground out 4-3 (Groundball, 4, EV 76.9 MPH)
Batting: RHB Bob Schweiger 0-0: Ball
1-0: Ball
2-0: Called Strike
2-1: Called Strike
2-2: Strikes out looking
Batting: RHB Jaime Rios 0-0: Called Strike
0-1: Ball
1-1: Ball
2-1: Foul Ball, location: 2F
2-2: Strikes out swinging
Bottom of the 8th over - 0 runs, 0 hits, 0 errors, 0 left on base; Tennessee 6 - San Jose 7
TOP OF THE 9TH
Tennessee Smokies batting - Pitching for San Jose Giants : RHP Jay Kouns
Pitching: RHP Harry Dickson
Now at 2B: Josh Truell
Batting: LHB Angel Oropeza 0-0: Called Strike
0-1: Foul Ball, location: 2F
0-2: Ball
1-2: Ball
2-2: Ground out 4-3 (Groundball, 4, EV 80.6 MPH)
Batting: RHB Ryan Walker 0-0: Foul Ball, location: 2F
0-1: Ball
1-1: Ball
2-1: Swinging Strike
2-2: Ball
3-2: Fly out, F9 (Flyball, 9, EV 81.2 MPH)
Batting: RHB Armando Vilano 0-0: Called Strike
0-1: Swinging Strike
0-2: Strikes out swinging
Top of the 9th over - 0 runs, 0 hits, 0 errors, 0 left on base; Tennessee 6 - San Jose 7
Tuesday, March 28th , 2023 - OOTP Baseball 23.10 Build 110